 Dungeon Crawl Stone Soup version 0.19.4 (webtiles) character file.

420 Ponchio the Thaumaturge (level 6, -6/32 HPs)
             Began as a Deep Elf Fire Elementalist on Jan 31, 2017.
             Was an Initiate of Vehumet.
             Shot with an arrow by a centaur (12 damage)
             ... on level 5 of the Dungeon.
             The game lasted 00:26:44 (4859 turns).

Ponchio the Thaumaturge (DEFE)                      Turns: 4859, Time: 00:26:45

Health: -6/32      AC:  3    Str:  5    XL:     6   Next: 62%
Magic:  20/20      EV: 13    Int: 22    God:    Vehumet [......]
Gold:   225        SH:  0    Dex: 15    Spells: 2 memorised, 20 levels left

rFire  . . .     SeeInvis .     d - +0 dagger
rCold  . . .     Gourm    .     a - +1 robe
rNeg   . . .     Faith    .     (no shield)
rPois  .         Spirit   .     (no helmet)
rElec  .         Reflect  .     (no cloak)
rCorr  .         Harm     .     (no gloves)
MR     .....                    (no boots)
Stlth  ++........               (no amulet)
                                (no ring)
                                (no ring)

@: no status effects
A: no striking features
a: Renounce Religion


You were on level 5 of the Dungeon.
You worshipped Vehumet.
Vehumet was noncommittal.
You were not hungry.

You visited 1 branch of the dungeon, and saw 5 of its levels.

You collected 225 gold pieces.

Inventory:

Hand Weapons
 d - a +0 dagger (weapon)
Armour
 a - a +1 robe (worn)
 s - a +0 pair of gloves
Jewellery
 e - an uncursed ring of magical power {unknown}
Scrolls
 f - a scroll of immolation
 l - a scroll of recharging
 m - 4 scrolls of identify {unknown}
 o - a scroll of noise {unknown}
 p - a scroll of fear {unknown}
 r - 2 scrolls of magic mapping {unknown}
Potions
 g - a potion of curing {unknown}
 i - a potion of degeneration {unknown}
 j - a potion of beneficial mutation {unknown}
 n - a potion of heal wounds {unknown}
 q - a potion of lignification {unknown}
Books
 b - a book of Flames

   Spells                             Type                      Level
   a - Flame Tongue                   Conjuration/Fire             1
   b - Throw Flame                    Conjuration/Fire             2
   c - Conjure Flame                  Conjuration/Fire             3
   d - Inner Flame                    Hexes/Fire                   3
   e - Sticky Flame                   Conjuration/Fire             4
   f - Fireball                       Conjuration/Fire             5
Comestibles
 c - 5 bread rations
 h - 2 meat rations
 k - 2 fruits


   Skills:
 - Level 2.4 Dodging
 - Level 2.4 Stealth
 + Level 9.4 Spellcasting
 - Level 1.1 Conjurations
 - Level 3.4 Fire Magic


You had 20 spell levels left.
You knew the following spells:

 Your Spells              Type           Power        Failure   Level  Hunger
a - Flame Tongue          Conj/Fire      ###..        2%          1    None
b - Throw Flame           Conj/Fire      ###...       4%          2    None


Dungeon Overview and Level Annotations

Branches:
Dungeon (5/15)
 Temple: D:4-7

Altars:
Gozag
Vehumet

Annotations:
D:4 Pikel


Message History

m - 4 scrolls labeled XORIAT YNLARUM (gained 3)
You now have 225 gold pieces (gained 11).
p - a scroll labeled ODIMAI RIPLU
q - a puce potion
r - a scroll labeled NOAFRAE OSOIJ A centaur comes into view.
Things that are here:
a scroll labeled NOAFRAE OSOIJ; a pair of gloves
s - a pair of gloves
r - 2 scrolls labeled NOAFRAE OSOIJ (gained 1)
The centaur shouts!
The centaur wields a shortbow.
The centaur shoots an arrow.
The arrow hits you!
Found a stone staircase leading down.
The centaur shoots an arrow.
The arrow barely misses you.
The centaur shoots an arrow.
The arrow hits you.
You see here 2 arrows.
The centaur shoots an arrow.
The arrow hits you!
* * * LOW HITPOINT WARNING * * *
The centaur shoots an arrow.
The arrow hits you!
You die...

##.........##
#..#.....#..#
#.###...###.#
##..#.....#..#
##.....<......####
#..##.#..........#
#.....###........#
#..#### #........#
..####@#######........#
.....>...(....c........#
........#######........#
........# ##.....###
..#####.. #..##.# # #..
....##.# ..# ####.##.#
### ...... ..c...


You could see a centaur.

Vanquished Creatures
  A crocodile (D:3)
  A scorpion (D:4)
  An orc priest (D:4)
  An orc wizard (D:3)
  Terence (D:3)
  3 worker ants (D:4)
  3 adders
  An ooze (D:1)
  3 worms
  7 dart slugs
  2 leopard geckos (D:1)
  8 orcs
  6 giant cockroaches
  10 goblins
  5 hobgoblins
  3 jackals (D:4)
  A ball python skeleton (D:3)
  10 bats
  4 frilled lizards
  11 kobolds
  A quokka skeleton (D:4)
  8 rats
91 creatures vanquished.

Vanquished Creatures (others)
  Sigmund (D:4)
  An orc priest (D:4)
  A leopard gecko (D:4)
  An orc (D:4)
  A jackal (D:4)
5 creatures vanquished.

Grand Total: 96 creatures vanquished

Notes
Turn   | Place    | Note
-------+----------+-------------------------------------------
     0 | D:1      | Ponchio the Deep Elf Fire Elementalist began the quest for the Orb.
     0 | D:1      | Reached XP level 1. HP: 10/10 MP: 6/6
   175 | D:1      | Reached XP level 2. HP: 10/15 MP: 2/8
   299 | D:1      | Reached skill level 4 in Spellcasting
   610 | D:1      | Reached XP level 3. HP: 19/19 MP: 7/11
   741 | D:1      | Reached skill level 5 in Spellcasting
  1312 | D:2      | Reached XP level 4. HP: 14/24 MP: 3/13
  1698 | D:2      | Reached skill level 6 in Spellcasting
  1702 | D:2      | Learned a level 2 spell: Throw Flame
  1845 | D:3      | Noticed a crocodile
  1857 | D:3      | Killed a crocodile
  1857 | D:3      | Reached skill level 7 in Spellcasting
  1857 | D:3      | Reached XP level 5. HP: 28/28 MP: 3/16
  2212 | D:3      | Noticed Terence
  2219 | D:3      | Killed Terence
  2501 | D:3      | Reached skill level 8 in Spellcasting
  3020 | D:4      | Found a radiant altar of Vehumet.
  3068 | D:4      | Reached XP level 6. HP: 32/32 MP: 8/19
  3142 | D:4      | Became a worshipper of Vehumet
  3149 | D:4      | Noticed Sigmund
  3308 | D:4      | Killed Sigmund
  3812 | D:4      | Found an opulent altar of Gozag.
  3889 | D:4      | Noticed a slave
  3889 | D:4      | Noticed a slave
  3889 | D:4      | Noticed a slave
  4106 | D:4      | Reached skill level 9 in Spellcasting
  4369 | D:4      | Noticed Pikel
  4380 | D:4      | Noticed a slave
  4784 | D:5      | Entered Level 5 of the Dungeon
  4859 | D:5      | Shot with an arrow by a centaur

Skill      XL: |  1  2  3  4  5  6 |
---------------+-------------------+-----
Spellcasting   | 4 5 7 8 9 |  9.4
Dodging        | |  2.4
Stealth        | |  2.4
Conjurations   | |  1.1
Fire Magic     | |  3.4

Action                   |  1- 3 |  4- 6 || total
-------------------------+-------+-------++-------
Melee: Dagger            |       |     1 ||     1
 Cast: Flame Tongue      |    89 |    88 ||   177
       Throw Flame       |       |    39 ||    39
  Use: Scroll            |       |     7 ||     7
  Eat: Chunk             |       |    10 ||    10
       Fruit             |       |     2 ||     2
Armor: Robe              |     6 |     7 ||    13
Dodge: Dodged            |    25 |    21 ||    46
